[Event "Titled Tuesday Blitz January 17 Early 2023"]
[White "Topalov, Aleksandar"]
[Black "Kuchava, Ana"]
[WhiteFideId "925659"]
[BlackFideId "13605348"]
[WhiteElo "2233"]
[BlackElo "2101"]
[Result "1/2-1/2"]
[Round "05"]
[TimeControl "180+2"]
[Date "2023.01.17"]
[WhiteClock "0:00:10"]
[BlackClock "0:00:22"]

1. b3 d5 2. Bb2 c5 3. e3 Nc6 4. Bb5 Bd7 5. f4 Nf6 6. Nf3 a6 7. Bxc6 Bxc6 8. Ne5 Qc7 9. O-O e6 10. d3 Bd6 11. Nd2 b5 12. Rf3 d4 13. Nxc6 dxe3 14. Ne5 exd2 15. Qxd2 O-O 16. Raf1 Rad8 17. Qe1 Nd7 18. Rg3 f6 19. Nxd7 Qxd7 20. Qe4 Rde8 21. Rh3 f5 22. Qe2 Rf7 23. Re3 Rfe7 24. g3 Kf7 25. Kg2 Qc6+ 26. Qf3 Qxf3+ 27. Rfxf3 Rc8 28. c4 b4 29. Rf1 a5 30. Rfe1 a4 31. d4 a3 32. Ba1 Rd8 33. Rd3 Bc7 34. Red1 Red7 35. Kf3 Bb6 36. d5 Bc7 37. Ke2 g6 38. dxe6+ Kxe6 39. Rxd7 Rxd7 40. Rxd7 Kxd7 41. Kd3 Kc6 42. Bf6 Bd6 43. Bg7 Be7 44. Be5 1/2-1/2


[Site "https://www.chess.com"]

[Event "Titled Tuesday Blitz January 17 Early 2023"]
[White "Degtiarev, Evgeny"]
[Black "Soumya, Swaminathan"]
[WhiteFideId "4149610"]
[BlackFideId "5016193"]
[WhiteElo "2385"]
[BlackElo "2293"]
[Result "1-0"]
[Round "05"]
[TimeControl "180+2"]
[Date "2023.01.17"]
[WhiteClock "0:01:09"]
[BlackClock "0:00:35"]

1. d4 Nf6 2. c4 c5 3. d5 e6 4. Nc3 exd5 5. cxd5 d6 6. g3 g6 7. Bg2 Bg7 8. Nf3 O-O 9. O-O Re8 10. Bf4 h6 11. Re1 g5 12. Bd2 Bf5 13. h4 g4 14. Nh2 Qd7 15. e4 Bg6 16. Bf4 Na6 17. e5 dxe5 18. Bxe5 Nb4 19. Bxf6 Rxe1+ 20. Qxe1 Nc2 21. Qd1 Nxa1 22. Bxg7 Kxg7 23. Qxa1 h5 24. Nf1 b5 25. b4 cxb4 26. Ne4+ 1-0


[Site "https://www.chess.com"]

[Event "Titled Tuesday Blitz January 17 Early 2023"]
[White "Liimatainen, Jero"]
[Black "Bas Mas, Jose Joaquin"]
[WhiteFideId "509531"]
[BlackFideId "22219064"]
[WhiteElo "1948"]
[BlackElo "2197"]
[Result "0-1"]
[Round "05"]
[TimeControl "180+2"]
[Date "2023.01.17"]
[WhiteClock "0:00:59"]
[BlackClock "0:02:13"]

1. e4 Nf6 2. e5 Nd5 3. c4 Nb6 4. d4 d6 5. exd6 cxd6 6. Nc3 g6 7. Be3 Bg7 8. Rc1 O-O 9. b3 Bf5 10. Be2 d5 11. Nf3 Bg4 12. c5 Nc8 13. h3 Bxf3 14. Bxf3 e6 15. O-O Nc6 16. a3 N8e7 17. b4 a6 18. Na4 Nf5 19. Nb6 Ra7 20. g3 Nfxd4 21. Bg2 a5 22. Qb3 Nxb3 23. b5 Nxc1 24. bxc6 Ne2+ 25. Kh1 bxc6 26. Ra1 e5 27. Bg5 Qxg5 28. Rc1 Qxc1+ 29. Kh2 Qg1# 0-1


[Site "https://www.chess.com"]

[Event "Titled Tuesday Blitz January 17 Early 2023"]
[White "Kornyukov, Alexey"]
[Black "Novikov, Evgenij"]
[WhiteFideId "4150457"]
[BlackFideId "4125380"]
[WhiteElo "2452"]
[BlackElo "2276"]
[Result "0-1"]
[Round "05"]
[TimeControl "180+2"]
[Date "2023.01.17"]
[WhiteClock "0:00:11"]
[BlackClock "0:00:24"]

1. e4 c6 2. d4 d5 3. e5 Bf5 4. Bd3 Bxd3 5. Qxd3 e6 6. Nf3 Nd7 7. O-O Rc8 8. c4 Ne7 9. c5 b6 10. cxb6 axb6 11. Nc3 Nf5 12. Bg5 Be7 13. Bxe7 Qxe7 14. Rac1 O-O 15. Nd2 Qb4 16. Nb3 Qc4 17. Qd2 Qa6 18. a3 c5 19. dxc5 bxc5 20. f4 Qb6 21. Na1 c4+ 22. Kh1 Nc5 23. g4 Nh6 24. Qg2 Nd3 25. Rc2 Qe3 26. Re2 Nxf4 27. Rxe3 Nxg2 28. Kxg2 d4 29. Rg3 dxc3 30. bxc3 Rfd8 31. Rf2 Ra8 32. Nc2 Rd5 33. Re2 Rd3 34. Nb4 Rd1 35. Nc6 Rxa3 36. Rb2 g5 37. Rb8+ Kg7 38. Rb7 Rd2+ 39. Kh3 Raa2 40. Rf3 Rxh2+ 41. Kg3 Rag2# 0-1


[Site "https://www.chess.com"]

[Event "Titled Tuesday Blitz January 17 Early 2023"]
[White "Nugumanov, Bakhtiyar"]
[Black "Hon, Eric"]
[WhiteFideId "13701797"]
[BlackFideId "2097117"]
[WhiteElo "2316"]
[BlackElo "1897"]
[Result "1-0"]
[Round "05"]
[TimeControl "180+2"]
[Date "2023.01.17"]
[WhiteClock "0:00:10"]
[BlackClock "0:00:42"]

1. Nf3 Nf6 2. c4 g6 3. Nc3 Bg7 4. g3 O-O 5. Bg2 c6 6. O-O d5 7. d4 dxc4 8. e4 Nfd7 9. a4 a5 10. Bf4 Nb6 11. Qe2 Bxd4 12. Nxd4 Qxd4 13. Be3 Qd8 14. Rfd1 Qc7 15. f4 Na6 16. Qf2 Nd7 17. e5 Ndb8 18. Bf1 Bg4 19. Rd2 Nb4 20. Bb6 Qc8 21. Bxc4 Be6 22. Bxe6 Qxe6 23. Rad1 Nd5 24. Nxd5 cxd5 25. Rxd5 Nc6 26. Rd7 Rab8 27. Rc7 Rfc8 28. Rcd7 Kg7 29. Qd2 Nxe5 30. Bd4 f6 31. fxe5 Qxd7 32. exf6+ Kf7 33. fxe7 Qxe7 34. Qf4+ Kg8 35. Bf6 Qc5+ 36. Bd4 Qc7 37. Qf6 Rf8 38. Qh8+ Kf7 39. Rf1+ Ke6 40. Rxf8 Rxf8 41. Qxf8 Qc1+ 42. Kg2 Qc2+ 43. Qf2 Qe4+ 44. Kg1 Qb1+ 45. Qf1 Qe4 46. Bc3 Qxa4 47. Qe1+ Kd7 48. Qd2+ Kc6 49. Qg2+ Kc7 50. Be5+ Kb6 51. Qf2+ Ka6 52. Qf6+ b6 53. Qf1+ Qb5 54. Qxb5+ Kxb5 55. Kf2 Kb4 56. Ke3 Kb3 57. Kf4 b5 58. Kg5 Kc2 59. Kh6 b4 60. Kxh7 b3 61. Kxg6 a4 62. h4 1-0


[Site "https://www.chess.com"]

[Event "Titled Tuesday Blitz January 17 Early 2023"]
[White "Deev, Andrei"]
[Black "Clawitter, Craig"]
[WhiteFideId "4102690"]
[BlackFideId "2023105"]
[WhiteElo "2390"]
[BlackElo "2050"]
[Result "0-1"]
[Round "05"]
[TimeControl "180+2"]
[Date "2023.01.17"]
[WhiteClock "0:00:01"]
[BlackClock "0:00:06"]

1. e4 e6 2. d4 d5 3. Nd2 Be7 4. Ngf3 Nf6 5. e5 Nfd7 6. Bd3 c5 7. c3 Nc6 8. O-O a5 9. a3 cxd4 10. cxd4 g5 11. h3 h5 12. Re1 g4 13. hxg4 hxg4 14. Nh2 g3 15. Nhf3 gxf2+ 16. Kxf2 Nxd4 17. Nxd4 Bh4+ 18. Kg1 Bxe1 19. Qxe1 Nc5 20. Bc2 Qb6 21. N2f3 Bd7 22. Be3 Qxb2 23. Rb1 Qxa3 24. Nb5 Bxb5 25. Rxb5 b6 26. Bf2 Rc8 27. Rxb6 Ne4 28. Bxe4 Rc1 29. Rb8+ Kd7 30. Rxh8 Rxe1+ 31. Nxe1 dxe4 32. Ra8 Qc1 33. Ra7+ Kc6 34. Rxa5 e3 35. Bg3 Qd2 36. Ra1 e2 37. Bf2 Kd5 38. Ra3 Kxe5 39. Rd3 Qa2 40. Re3+ Kf5 41. g3 e5 42. Kg2 f6 43. Rf3+ Ke6 44. Re3 f5 45. Bg1 Kf6 46. Kf2 f4 47. gxf4 exf4 48. Rxe2 Qa7+ 49. Kf1 Qa6 50. Nf3 Kf5 51. Nd4+ Kg4 52. Kf2 Qb6 53. Rd2 Qb4 54. Ke2 Qc4+ 55. Ke1 Qc3 0-1


[Site "https://www.chess.com"]

[Event "Titled Tuesday Blitz January 17 Early 2023"]
[White "Fajdetic, Hrvoje"]
[Black "Zaichenko, Daria"]
[WhiteFideId "14501945"]
[BlackFideId "4197453"]
[WhiteElo "2151"]
[BlackElo "2104"]
[Result "0-1"]
[Round "05"]
[TimeControl "180+2"]
[Date "2023.01.17"]
[WhiteClock "0:00:13"]
[BlackClock "0:00:23"]

1. f4 d5 2. Nf3 c5 3. e3 Nc6 4. Be2 Nf6 5. O-O b6 6. b3 Bb7 7. Bb2 e6 8. d3 Qc7 9. Ne5 Bd6 10. Nxc6 Bxc6 11. Nd2 O-O-O 12. a4 h5 13. Bf3 e5 14. g3 e4 15. Bg2 Ng4 16. Qe2 f5 17. dxe4 fxe4 18. c4 d4 19. Nxe4 d3 20. Nxd6+ Qxd6 21. Qd2 h4 22. Bh3 Qg6 23. Qd1 hxg3 24. Qxg4+ Qxg4 25. Bxg4+ Kb7 26. h3 Rh4 27. Rad1 Rxg4 28. hxg4 Rh8 0-1


[Site "https://www.chess.com"]

[Event "Titled Tuesday Blitz January 17 Early 2023"]
[White "Zaksaite, Salomeja"]
[Black "Jimenez Fernandez, Rebeca"]
[WhiteFideId "12801496"]
[BlackFideId "32070934"]
[WhiteElo "2283"]
[BlackElo "2069"]
[Result "0-1"]
[Round "05"]
[TimeControl "180+2"]
[Date "2023.01.17"]
[WhiteClock "0:00:03"]
[BlackClock "0:00:03"]

1. d4 Nf6 2. Nc3 d5 3. Bf4 c5 4. e3 e6 5. Nb5 Na6 6. Nf3 Be7 7. Bd3 c4 8. Be2 Qa5+ 9. Nc3 Ne4 10. O-O Nxc3 11. bxc3 Qxc3 12. Be5 O-O 13. Nd2 Nb4 14. e4 Qxc2 15. exd5 Qxd1 16. Rfxd1 exd5 17. Bf3 Be6 18. Rab1 b6 19. a3 Nd3 20. Bg3 Bxa3 21. Nf1 Rfd8 22. Ne3 c3 23. Rxd3 c2 24. Nxc2 Bd6 25. Ne3 Bxg3 26. hxg3 a5 27. Rxb6 a4 28. Ra3 Rdc8 29. Rb4 Rc1+ 30. Kh2 h6 31. Raxa4 Rac8 32. Nxd5 Bxd5 33. Bxd5 R8c2 34. Bf3 Rxf2 35. d5 Rff1 36. Kh3 f5 37. g4 g5 0-1


[Site "https://www.chess.com"]

[Event "Titled Tuesday Blitz January 17 Early 2023"]
[White "Rose, Felix"]
[Black "Ciuffoletti, Paolo"]
[WhiteFideId "5105722"]
[BlackFideId "807630"]
[WhiteElo "2091"]
[BlackElo "2106"]
[Result "1-0"]
[Round "05"]
[TimeControl "180+2"]
[Date "2023.01.17"]
[WhiteClock "0:00:41"]
[BlackClock "0:00:24"]

1. e4 c5 2. Nf3 Nc6 3. d4 cxd4 4. Nxd4 Nf6 5. Nc3 e5 6. Ndb5 d6 7. Bg5 a6 8. Na3 b5 9. Nd5 Be7 10. Bxf6 Bxf6 11. c3 O-O 12. Nc2 Rb8 13. Be2 Bg5 14. O-O Be6 15. a4 Bxd5 16. exd5 Ne7 17. b4 f5 18. axb5 axb5 19. Ra5 Qc7 20. Qd3 e4 21. Qg3 Bf6 22. Rxb5 Rxb5 23. Bxb5 Bxc3 24. Bc6 Be5 25. Qb3 Ng6 26. b5 Qb6 27. Qe3 Rb8 28. Qxb6 Rxb6 29. Na3 Bd4 30. Nc4 Rb8 31. Nxd6 Ne5 32. Nxf5 Bb6 33. Re1 Nd3 34. Rxe4 Nxf2 35. Re7 Rf8 36. Rb7 Bc5 37. Ne7+ Kh8 38. g3 Ng4+ 39. Kg2 h5 40. Ng6+ Kg8 41. Nxf8 Kxf8 42. h3 Ne5 43. Rb8+ Ke7 44. Re8+ Kd6 45. Re6+ 1-0


[Site "https://www.chess.com"]

[Event "Titled Tuesday Blitz January 17 Early 2023"]
[White "Cramling Bellon, Anna"]
[Black "Levine, David"]
[WhiteFideId "32009232"]
[BlackFideId "2011611"]
[WhiteElo "2043"]
[BlackElo "2040"]
[Result "1-0"]
[Round "05"]
[TimeControl "180+2"]
[Date "2023.01.17"]
[WhiteClock "0:00:02"]
[BlackClock "0:00:02"]

1. d4 d5 2. c4 dxc4 3. e3 Nf6 4. Bxc4 e6 5. Nc3 c5 6. Nf3 Nc6 7. O-O cxd4 8. exd4 Be7 9. d5 exd5 10. Nxd5 Nxd5 11. Bxd5 O-O 12. Bf4 Nb4 13. Bb3 Bf6 14. Qe2 Qd3 15. Rfe1 Bf5 16. Rad1 Qxe2 17. Rxe2 Nd3 18. Bd6 Rfd8 19. Be7 Re8 20. Ne1 Rxe7 21. Rxe7 Bxe7 22. Nxd3 Rd8 23. Nf4 Rxd1+ 24. Bxd1 Bf6 25. b4 Bc3 26. Nd5 Bd2 27. Ne7+ Kf8 28. Nxf5 Bxb4 29. Bb3 b5 30. Kf1 a5 31. a4 g6 32. Nd4 bxa4 33. Bxa4 Bc5 34. Nc6 Bb6 35. f3 Bc7 36. Ke2 Bxh2 37. Nxa5 h5 38. Nc4 Ke7 39. Ne3 f6 40. Nf1 Be5 41. g3 g5 42. Bb3 h4 43. gxh4 gxh4 44. Kf2 f5 45. Kg2 Kf6 46. Ne3 Bd4 47. Nd5+ Kg5 48. f4+ Kh5 49. Bd1+ Kg6 50. Kh3 Bf2 51. Bf3 1-0


[Site "https://www.chess.com"]

[Event "Titled Tuesday Blitz January 17 Early 2023"]
[White "Garrido, Denis"]
[Black "Larina, Maria"]
[WhiteFideId "601217"]
[BlackFideId "24113182"]
[WhiteElo "2205"]
[BlackElo "1948"]
[Result "1-0"]
[Round "05"]
[TimeControl "180+2"]
[Date "2023.01.17"]
[WhiteClock "0:01:50"]
[BlackClock "0:01:02"]

1. e4 c6 2. d4 d5 3. e5 c5 4. dxc5 Nc6 5. a3 e6 6. Nf3 a6 7. b4 Qc7 8. Bb2 b6 9. cxb6 Qxb6 10. Bd3 Nge7 11. O-O Ng6 12. Nbd2 a5 13. b5 Na7 14. c4 Bb7 15. Re1 Bc5 16. Qe2 Nf4 17. Qf1 Bxf2+ 18. Kh1 Bxe1 19. Rxe1 Nxd3 20. Qxd3 O-O 21. Ng5 g6 22. Qh3 h5 23. Rf1 dxc4 24. Nde4 Bxe4 25. Nxe4 Nxb5 26. Nf6+ Kg7 27. Rf3 c3 28. Nxh5+ gxh5 29. Rg3+ Kh6 30. Bc1+ Kh7 31. Qxh5# 1-0


[Site "https://www.chess.com"]

[Event "Titled Tuesday Blitz January 17 Early 2023"]
[White "Broca Jimenez, Fernando"]
[Black "Adithya A Chullikkad"]
[WhiteFideId "5104742"]
[BlackFideId "45078734"]
[WhiteElo "2075"]
[BlackElo "2259"]
[Result "1-0"]
[Round "05"]
[TimeControl "180+2"]
[Date "2023.01.17"]
[WhiteClock "0:00:37"]
[BlackClock "0:01:18"]

1. e4 e5 2. Nf3 Nc6 3. Bb5 a6 4. Ba4 Nf6 5. O-O b5 6. Bb3 Bc5 7. c3 d6 8. d4 Bb6 9. dxe5 Nxe5 10. Nxe5 dxe5 11. Qxd8+ Kxd8 12. Bxf7 Bb7 13. Bg5 Ke7 14. Bd5 c6 15. Bb3 h6 16. Bxf6+ gxf6 17. Nd2 c5 18. Bc2 Rhg8 19. Rfe1 Rad8 20. Rad1 Rg7 21. Nf1 Rdg8 22. Ne3 c4 23. Nf5+ 1-0


[Site "https://www.chess.com"]

[Event "Titled Tuesday Blitz January 17 Early 2023"]
[White "Thiel, Thomas"]
[Black "Stead, Kerry"]
[WhiteFideId "4615964"]
[BlackFideId "3202577"]
[WhiteElo "2234"]
[BlackElo "1908"]
[Result "1-0"]
[Round "05"]
[TimeControl "180+2"]
[Date "2023.01.17"]
[WhiteClock "0:01:43"]
[BlackClock "0:00:39"]

1. e4 c6 2. d4 d5 3. exd5 cxd5 4. c4 Nf6 5. Nc3 Nc6 6. Bg5 Ne4 7. Nxe4 dxe4 8. d5 Ne5 9. Qd4 f6 10. Bf4 Ng6 11. Bd2 Qb6 12. Bc3 Qxd4 13. Bxd4 e5 14. Bc3 a5 15. a3 Bd6 16. Ne2 Nf4 17. Nxf4 exf4 18. Be2 Kf7 19. O-O Re8 20. b4 axb4 21. axb4 Bf5 22. c5 Be5 23. Bxe5 Rxe5 24. Rxa8 1-0


[Site "https://www.chess.com"]

[Event "Titled Tuesday Blitz January 17 Early 2023"]
[White "Necula, Iulian"]
[Black "Smietanska, Wiktoria"]
[WhiteFideId "1232380"]
[BlackFideId "21869359"]
[WhiteElo "1851"]
[BlackElo "1936"]
[Result "0-1"]
[Round "05"]
[TimeControl "180+2"]
[Date "2023.01.17"]
[WhiteClock "0:00:34"]
[BlackClock "0:00:02"]

1. d4 Nf6 2. Nc3 g6 3. Bf4 d5 4. e3 Bg7 5. h3 O-O 6. Bd3 c5 7. Nf3 Nc6 8. O-O a6 9. Ne5 cxd4 10. Nxc6 bxc6 11. exd4 e6 12. Be5 Nd7 13. Bxg7 Kxg7 14. Ne2 c5 15. c3 c4 16. Bc2 Qb6 17. Rb1 Bb7 18. h4 Rad8 19. Nf4 h5 20. g4 hxg4 21. Qxg4 Nf6 22. Qg3 Rh8 23. Nxg6 Nh5 24. Qg5 fxg6 25. Bxg6 Rdg8 26. Bxh5+ Kf8 27. Bg6 Rxg6 28. Qxg6 Rg8 29. Qxg8+ Kxg8 30. Kh2 Qd6+ 31. Kh3 Qf4 32. Rg1+ Kh7 33. Rg2 e5 34. Rbg1 Bc8+ 35. Rg4 Bxg4+ 36. Rxg4 Qxf2 37. dxe5 Qf3+ 38. Rg3 Qf5+ 39. Kg2 Qxe5 40. Rg5 Qe2+ 41. Kg3 Qxb2 42. Rxd5 Qxc3+ 43. Kf4 Qc1+ 44. Ke5 c3 45. Rd7+ Kg6 46. Rd6+ Kh5 47. Rxa6 c2 48. Ra4 Qb2+ 49. Ke4 c1=Q 0-1


[Site "https://www.chess.com"]

[Event "Titled Tuesday Blitz January 17 Early 2023"]
[White "Puranik, Abhimanyu"]
[Black "Nakamura, Hikaru"]
[WhiteFideId "5061245"]
[BlackFideId "2016192"]
[WhiteElo "2613"]
[BlackElo "2775"]
[Result "1-0"]
[Round "06"]
[TimeControl "180+2"]
[Date "2023.01.17"]
[WhiteClock "0:00:07"]
[BlackClock "0:00:02"]

1. e4 e5 2. Nf3 Nc6 3. Bb5 Nf6 4. d3 Bc5 5. Bxc6 dxc6 6. Nbd2 Be6 7. Qe2 Nd7 8. Nb3 Bb6 9. Ng5 Bxb3 10. axb3 f6 11. Nf3 Nf8 12. Be3 Ne6 13. b4 O-O 14. O-O Qe7 15. c3 Rfd8 16. Rfd1 a6 17. Nd2 Bxe3 18. fxe3 c5 19. bxc5 Nxc5 20. d4 Ne6 21. Nf3 Nf8 22. Qc4+ Kh8 23. dxe5 fxe5 24. Rd5 Ng6 25. Rad1 c6 26. R5d3 h6 27. h3 Kh7 28. Rxd8 Rxd8 29. Rxd8 Qxd8 30. Qf7 Qb6 31. Qf5 Qxe3+ 32. Kh1 Qc1+ 33. Kh2 Qf4+ 34. g3 Qc1 35. h4 Qxb2+ 36. Kh3 Qa3 37. h5 Qd6 38. Nh4 Kg8 39. hxg6 Qd8 40. Qf7+ Kh8 41. Nf5 Qg8 42. Qe7 a5 43. Qxe5 a4 44. Nxh6 Qc8+ 45. Nf5 1-0


[Site "https://www.chess.com"]

[Event "Titled Tuesday Blitz January 17 Early 2023"]
[White "Lenderman, Aleksandr"]
[Black "Artemiev, Vladislav"]
[WhiteFideId "2021285"]
[BlackFideId "24101605"]
[WhiteElo "2572"]
[BlackElo "2701"]
[Result "1/2-1/2"]
[Round "06"]
[TimeControl "180+2"]
[Date "2023.01.17"]
[WhiteClock "0:00:04"]
[BlackClock "0:00:05"]

1. Nf3 Nf6 2. c4 e6 3. e3 b6 4. d4 Bb7 5. Bd3 Bb4+ 6. Bd2 Bxd2+ 7. Nbxd2 c5 8. O-O O-O 9. Rc1 Nc6 10. dxc5 bxc5 11. Ne4 Nb4 12. Nxc5 Bxf3 13. gxf3 Nxa2 14. Ra1 Nb4 15. Ne4 Nxe4 16. Bxe4 d5 17. cxd5 exd5 18. Bd3 Qf6 19. f4 Qxb2 20. Rb1 Qc3 21. Rb3 Qc5 22. Bxh7+ Kxh7 23. Qb1+ Qc2 24. Rxb4 Qxb1 25. Rfxb1 Rfd8 26. Rb7 Kg8 27. Ra1 a6 28. Rb6 d4 29. Rbxa6 Rxa6 30. Rxa6 dxe3 31. fxe3 Rd2 32. Ra8+ Kh7 33. Re8 Re2 34. Re5 f6 35. Rh5+ Kg6 36. Rh3 Kf5 37. Kf1 Ra2 38. Rh7 Ke4 39. Rxg7 Kxe3 40. h4 Kf3 41. Kg1 Kxf4 42. h5 Ra1+ 43. Kg2 Ra2+ 44. Kh3 Ra5 45. Kh4 Ra1 46. Rg4+ Kf3 47. Rg3+ Kf4 48. h6 Ra7 49. Rg7 Ra1 50. Rg3 Rh1+ 51. Rh3 Ra1 52. h7 Ra8 53. Kh5 f5 54. Kg6 Kg4 55. h8=Q Rxh8 56. Rxh8 f4 57. Rf8 f3 58. Rf6 Kg3 59. Kg5 f2 60. Rxf2 Kxf2 1/2-1/2


[Site "https://www.chess.com"]

[Event "Titled Tuesday Blitz January 17 Early 2023"]
[White "Sarana, Alexey"]
[Black "Shimanov, Aleksandr"]
[WhiteFideId "24133795"]
[BlackFideId "4198603"]
[WhiteElo "2685"]
[BlackElo "2581"]
[Result "1-0"]
[Round "06"]
[TimeControl "180+2"]
[Date "2023.01.17"]
[WhiteClock "0:00:25"]
[BlackClock "0:00:09"]

1. c4 c5 2. Nf3 Nc6 3. d4 cxd4 4. Nxd4 Nf6 5. Nc3 e6 6. g3 Bc5 7. Nb3 Be7 8. Bg2 b6 9. O-O Bb7 10. Bf4 O-O 11. Rc1 Nh5 12. Bd6 Nf6 13. c5 Rc8 14. e4 Bxd6 15. Qxd6 Ne8 16. Qd2 d6 17. cxb6 Qxb6 18. Rfd1 Ne5 19. Na4 Qa6 20. Qa5 Nc4 21. Qxa6 Bxa6 22. Bf1 Nf6 23. f3 d5 24. Nac5 Bb5 25. a4 Bc6 26. Bxc4 dxc4 27. Rxc4 Rfd8 28. Rxd8+ Rxd8 29. Nd4 Be8 30. Kf2 e5 31. Ndb3 g5 32. g4 h5 33. h3 h4 34. Ke3 Nh7 35. Nd3 f6 36. Rc7 Bxa4 37. Nbc5 Bb5 38. Rxa7 Nf8 39. Nb4 Bc4 40. b3 Bf7 41. Nc6 Rd1 42. Ne7+ Kh8 43. Nf5 Bg6 44. Ra8 Bxf5 45. gxf5 Kg7 46. Ne6+ 1-0


[Site "https://www.chess.com"]

[Event "Titled Tuesday Blitz January 17 Early 2023"]
[White "Bluebaum, Matthias"]
[Black "Bernadskiy, Vitaliy"]
[WhiteFideId "24651516"]
[BlackFideId "14100371"]
[WhiteElo "2669"]
[BlackElo "2592"]
[Result "1/2-1/2"]
[Round "06"]
[TimeControl "180+2"]
[Date "2023.01.17"]
[WhiteClock "0:00:20"]
[BlackClock "0:00:08"]

1. d4 Nf6 2. c4 g6 3. Nc3 d5 4. cxd5 Nxd5 5. e4 Nxc3 6. bxc3 Bg7 7. Nf3 c5 8. Bb5+ Nd7 9. O-O O-O 10. Re1 a6 11. Bf1 b5 12. a4 bxa4 13. Qxa4 cxd4 14. cxd4 Bb7 15. Rb1 Ra7 16. d5 Bc8 17. Be3 Rc7 18. Rec1 Nf6 19. Ne5 Nxd5 20. Nc6 Rxc6 21. Qxc6 Nxe3 22. fxe3 Bh6 23. Qc3 Be6 24. Bxa6 Qa8 25. Bb7 Qa7 26. Re1 Rb8 27. Bd5 Rxb1 28. Rxb1 Qxe3+ 29. Qxe3 Bxe3+ 30. Kf1 Bxd5 31. exd5 Bc5 32. Ke2 Bd6 33. h3 Kg7 34. Ke3 f5 35. Kd4 Kf6 36. Re1 Kg5 37. Ke3 Kf6 38. Kf3 Be5 39. Re2 h5 40. g3 g5 41. g4 hxg4+ 42. hxg4 e6 43. dxe6 Kxe6 44. Ra2 fxg4+ 45. Kxg4 Bf4 46. Ra5 Kd6 47. Kf5 Kd7 48. Ra6 Ke7 49. Rg6 Kf7 50. Re6 Bc1 51. Rc6 Bf4 52. Re6 Bc1 53. Re4 Bf4 54. Re1 Bg3 55. Rb1 Ke7 56. Kxg5 Bd6 57. Kf5 Kd7 58. Rc1 Bc7 59. Rc2 Kc8 60. Ke6 Kb7 61. Kd7 Bb8 62. Rb2+ Ka8 63. Kc6 Ba7 64. Kc7 Bg1 65. Ra2+ Ba7 66. Rb2 Bg1 67. Rb1 Ba7 68. Rb3 Bg1 69. Rb8+ Ka7 70. Rb2 Ka8 1/2-1/2


[Site "https://www.chess.com"]

[Event "Titled Tuesday Blitz January 17 Early 2023"]
[White "Andreikin, Dmitry"]
[Black "Sanal, Vahap"]
[WhiteFideId "4158814"]
[BlackFideId "6300545"]
[WhiteElo "2729"]
[BlackElo "2600"]
[Result "1/2-1/2"]
[Round "06"]
[TimeControl "180+2"]
[Date "2023.01.17"]
[WhiteClock "0:00:21"]
[BlackClock "0:00:08"]

1. Nf3 Nf6 2. c4 e6 3. d4 b6 4. a3 Bb7 5. Nc3 g6 6. d5 Bg7 7. e4 O-O 8. Bd3 exd5 9. cxd5 c6 10. dxc6 Nxc6 11. Bg5 h6 12. Bh4 g5 13. Bg3 d5 14. O-O dxe4 15. Nxe4 Nxe4 16. Bxe4 Bxb2 17. Ra2 Qxd1 18. Rxd1 Bg7 19. h4 gxh4 20. Nxh4 Rad8 21. Rc1 Na5 22. Bxb7 Nxb7 23. Rc7 Nc5 24. Rxa7 Rfe8 25. Kh2 Rd5 26. Rc2 Rh5 27. Rc4 Ne4 28. f3 Nxg3 29. Kxg3 Rg5+ 30. Rg4 Re2 31. Rxg5 hxg5 32. Nf5 Be5+ 33. Kh3 Kh7 34. g3 Kg6 35. Kg4 Rc2 36. Ne7+ Kf6 37. f4 gxf4 38. gxf4 Rc4 39. Nd5+ Ke6 40. Re7+ Kxd5 41. Rxe5+ Kd6 42. Rb5 Kc6 43. Rf5 Ra4 44. Rxf7 Rxa3 45. f5 b5 46. f6 Ra1 47. Rf8 Rf1 48. Kg5 b4 49. Rb8 Kc5 50. Kg6 Kc4 51. f7 b3 52. Rb6 Rxf7 53. Kxf7 Kc3 54. Ke6 b2 55. Kd5 Kc2 56. Kc4 b1=Q 57. Rxb1 Kxb1 1/2-1/2


[Site "https://www.chess.com"]

[Event "Titled Tuesday Blitz January 17 Early 2023"]
[White "Le, Tuan Minh"]
[Black "Bortnyk, Olexandr"]
[WhiteFideId "12401153"]
[BlackFideId "14120828"]
[WhiteElo "2542"]
[BlackElo "2605"]
[Result "1-0"]
[Round "06"]
[TimeControl "180+2"]
[Date "2023.01.17"]
[WhiteClock "0:00:42"]
[BlackClock "0:00:13"]

1. d4 d6 2. Nf3 Nf6 3. Bg5 Nbd7 4. Nbd2 g6 5. c3 Bg7 6. e4 e5 7. Bc4 O-O 8. O-O Qe8 9. Re1 b6 10. a4 a6 11. Nf1 Bb7 12. Ng3 Qe7 13. Qd2 Rfe8 14. h3 Qf8 15. Qc2 c6 16. Bf1 d5 17. exd5 Nxd5 18. dxe5 Nxe5 19. Nxe5 Rxe5 20. Rxe5 Bxe5 21. Re1 Re8 22. Qd2 b5 23. axb5 cxb5 24. Bh6 Bg7 25. Bxg7 Kxg7 26. Ne4 Qe7 27. Qd4+ Kh6 28. Nd6 Qxd6 29. Rxe8 Bc6 30. Re4 Qf6 31. Qxf6 Nxf6 32. Re7 Bd5 33. Ra7 Ne4 34. Rxa6 Kg5 35. Bxb5 f5 36. c4 Bf7 37. Ra7 Be6 38. Rxh7 Nc5 1-0


[Site "https://www.chess.com"]

[Event "Titled Tuesday Blitz January 17 Early 2023"]
[White "Aravindh, Chithambaram VR."]
[Black "Lazavik, Denis"]
[WhiteFideId "5072786"]
[BlackFideId "13515110"]
[WhiteElo "2633"]
[BlackElo "2544"]
[Result "0-1"]
[Round "06"]
[TimeControl "180+2"]
[Date "2023.01.17"]
[WhiteClock "0:00:05"]
[BlackClock "0:00:24"]

1. c4 Nf6 2. Nc3 e5 3. Nf3 Nc6 4. e3 Bb4 5. Nd5 e4 6. Ng1 O-O 7. Ne2 Nxd5 8. cxd5 Ne5 9. Ng3 f5 10. Be2 b6 11. O-O Bb7 12. Qb3 Bd6 13. f4 exf3 14. gxf3 f4 15. Ne4 Qh4 16. Nxd6 cxd6 17. d4 Rf5 18. Rf2 Rg5+ 19. Kf1 Qh3+ 20. Ke1 Rg1+ 21. Kd2 fxe3+ 22. Qxe3 Ng6 23. b3 Bxd5 24. Bb2 Rxa1 25. Bxa1 Rf8 26. Bc3 Nf4 27. Bb4 Qh6 28. Bb5 Qf6 29. Bxd7 Bf7 30. Bc6 Rc8 31. Bb7 Rc7 32. Ba8 Re7 33. Qc3 h6 34. Kc2 Bg6+ 35. Be4 Bxe4+ 36. fxe4 Rxe4 37. Qc6 Qxd4 38. Be1 Rxe1 39. Qc8+ Kh7 40. Qf5+ Ng6 41. Rg2 Qe4+ 42. Qxe4 Rxe4 43. Kd3 Nf4+ 44. Kxe4 Nxg2 45. a4 g5 46. Kd5 g4 47. Kc6 h5 48. Kb7 h4 49. Kxa7 g3 50. hxg3 hxg3 51. Kxb6 Nf4 52. a5 g2 53. a6 g1=Q+ 54. Kb7 Nd5 55. a7 Qb6+ 0-1


[Site "https://www.chess.com"]

[Event "Titled Tuesday Blitz January 17 Early 2023"]
[White "Kravtsiv, Martyn"]
[Black "Vokhidov, Shamsiddin"]
[WhiteFideId "14113147"]
[BlackFideId "14204223"]
[WhiteElo "2598"]
[BlackElo "2586"]
[Result "1-0"]
[Round "06"]
[TimeControl "180+2"]
[Date "2023.01.17"]
[WhiteClock "0:00:21"]
[BlackClock "0:00:01"]

1. e4 Nf6 2. Nc3 e5 3. Nf3 Nc6 4. a4 Be7 5. Bb5 O-O 6. O-O Nd4 7. Nxe5 c6 8. Be2 d5 9. exd5 Nxd5 10. Nf3 Nxe2+ 11. Nxe2 Bg4 12. Ne5 Bh5 13. d4 Bf6 14. c4 Nb4 15. f3 Bxe5 16. dxe5 Qb6+ 17. Kh1 Rad8 18. Qe1 Nc2 19. Qh4 Nxa1 20. Qxh5 Nc2 21. Ng3 Ne3 22. Rg1 Nxc4 23. Nf5 Qc5 24. Nxg7 Qxe5 25. Nf5 Kh8 26. Bh6 Rg8 27. Qxf7 Nd6 28. Nxd6 Qxd6 29. Bf4 Rg7 30. Qxg7+ Kxg7 31. Bxd6 Rxd6 32. Rb1 Rd4 33. b3 c5 34. Kg1 Rb4 35. Rc1 Rxb3 36. Rxc5 Rb4 37. a5 a6 38. Kf2 Kf6 39. g4 1-0


[Site "https://www.chess.com"]